 Dungeon Crawl Stone Soup version 0.17.0-22-g5edae84 (console) character file.

130 gw the Shield-Bearer (level 4, -1/38 HPs)
             Began as a Demigod Fighter on Nov 13, 2015.
             Killed by nerve-wracking pain
             ... invoked by an orc priest
              (4 damage)
             ... on level 3 of the Dungeon.
             The game lasted 00:03:23 (2244 turns).

gw the Shield-Bearer (Demigod Fighter)              Turns: 2244, Time: 00:03:23

Health: -1/38      AC: 11    Str: 19    XL:     4   Next: 60%
Magic:  6/6        EV:  5    Int: 12    God:
Gold:   120        SH:  9    Dex: 17    Spells: 0 memorised, 3 levels left

rFire  . . .     SeeInvis .     a - +0 war axe
rCold  . . .     Clarity  .     h - +0 chain mail {rPois}
rNeg   + . .     SustAt   +     c - +0 shield
rPois  +         Gourm    .     (no helmet)
rElec  .         Spirit   .     l - +0 cloak
rCorr  .         Warding  .     b - +0 pair of gloves
rMut   .         Stasis   .     (no boots)
MR     .....                    (no amulet)
Stlth  ..........               (no ring)
                                n - ring of positive energy

@: not resistant to hostile enchantments, extremely unstealthy
A: high mp 1, sustain attributes
a: no special abilities


You were on level 3 of the Dungeon.
You were not hungry.

You visited 1 branch of the dungeon, and saw 3 of its levels.

You collected 120 gold pieces.

Inventory:

Hand Weapons
 a - a +0 war axe (weapon)
Missiles
 d - 44 stones (quivered)
 i - 48 poisoned needles
Armour
 b - a +0 pair of gloves (worn)
 c - a +0 shield (worn)
 h - a +0 chain mail of poison resistance (worn)
 l - a +0 cloak (worn)
Jewellery
 n - a ring of positive energy (left hand)
Scrolls
 j - 4 scrolls of identify
 k - a scroll of remove curse
 o - a scroll of blinking {unknown}
Potions
 g - a potion of curing
Comestibles
 e - a bread ration
 f - a fruit
 m - a meat ration


   Skills:
 + Level 3.1 Fighting
 * Level 2.9 Axes
 + Level 1.5 Throwing
 + Level 3.1 Armour
 + Level 3.3 Shields


You had 3 spell levels left.
You didn't know any spells.

Dungeon Overview and Level Annotations

Branches:
Dungeon (3/15)

Annotations:
D:3 jw's ghost, amateur OpBe


Innate Abilities, Weirdness & Mutations

You have an increased reservoir of magic (+10% MP).
Your attributes are resistant to harm.


Message History

Jw's ghost is almost destroyed.
You hit the orc priest.
The orc priest is heavily wounded.
You hit the orc priest.
The orc priest is almost dead.
You block jw's ghost's attack. You block the orc priest's attack.
The orc priest barely misses you. Jw's ghost hits you.
ATTACK MOVE TO (-1,0)
You hit jw's ghost.
Jw's ghost is almost destroyed.
You hit the orc priest.
The orc priest is heavily wounded.
You barely miss the orc priest.
The orc priest is almost dead.
You block the orc priest's attack.
The orc priest hits you but does no damage.
Jw's ghost hits you.
The orc priest invokes the aid of Beogh against you.
Pain shoots through your body!
You die...

# ##... (.(
...## #...
....##.(. .
...(.... ..
.(#.# ?.. #(..#
.... ####%.#
.....
##.%..###......
.#
###..##.Wpow#
.#.
#...######o#.#
.#.## ##.###
#.. .#..# #..#
....
.##.###.#######
~~.#
###............
..~#
#...<.....####.
.~# ..........#
.~# ..........#


You could see a worm, 2 orc priests and jw's ghost.

Table legend:
 A = Turns spent in this place as a percentage of turns spent in the entire game.
 B = Non-inter-level travel turns spent in this place as a percentage of non-inter-level travel turns spent in the entire game.
 C = Inter-level travel turns spent in this place as a percentage of turns spent in this place.
 D = Turns resting spent in this place as a percentage of non-inter-level travel turns spent in this place.
 E = Turns spent auto-exploring this place as a percentage of non-inter-level travel turns spent in this place.
 F = Non-inter-level travel turns spent in this place divided by the number of levels of this place that you've seen.
                   A       B       C       D       E      F
               +-------+-------+-------+-------+-------+----------------------
         Total | 100.0 | 100.0 |   0.5 |   0.9 |   2.7 | 1340.7
       Dungeon | 100.0 | 100.0 |   0.5 |   0.9 |   2.7 | 1340.7
               +-------+-------+-------+-------+-------+----------------------

Table legend:
 A = Kills in this place as a percentage of kills in entire the game.
 B = Kills by you in this place as a percentage of kills by you in the entire game.
 C = Kills by friends in this place as a percentage of kills by friends in the entire game.
 D = Other kills in this place as a percentage of other kills in the entire game.
 E = Experience gained in this place as a percentage of experience gained in the entire game.
 F = Experience gained in this place divided by the number of levels of this place that you have seen.
                   A       B       C       D       E      F
               +-------+-------+-------+-------+-------+----------------------
         Total | 100.0 | 100.0 |  -nan |  -nan | 100.0 |  62.3
       Dungeon | 100.0 | 100.0 |  -nan |  -nan | 100.0 |  62.3
               +-------+-------+-------+-------+-------+----------------------

Vanquished Creatures
  6 adders
  4 worms (D:2)
  2 giant geckos
  4 orcs (D:3)
  11 hobgoblins
  4 jackals
  A ball python (D:1)
  6 bats
  3 giant cockroaches
  A giant newt (D:2)
  9 goblins
  2 kobolds (D:3)
  11 rats
64 creatures vanquished.

Notes
Turn   | Place    | Note
--------------------------------------------------------------
     0 | D:1      | gw the Demigod Fighter began the quest for the Orb.
     0 | D:1      | Reached XP level 1. HP: 18/18 MP: 3/3
   372 | D:1      | Reached skill level 3 in Shields
   395 | D:1      | Reached XP level 2. HP: 25/25 MP: 4/4
   736 | D:2      | Reached XP level 3. HP: 25/31 MP: 5/5
   806 | D:2      | Found a glowing golden altar of the Shining One.
  1030 | D:2      | Reached skill level 1 in Throwing
  1642 | D:2      | Reached XP level 4. HP: 35/38 MP: 6/6
  2050 | D:3      | Noticed jw's ghost (amateur OpBe)
  2069 | D:3      | Noticed Terence
  2244 | D:3      | Killed from afar by an orc priest

Action                   |  1- 3 |  4- 6 || total
-------------------------+-------+-------++-------
Melee: War axe           |   137 |    66 ||   203
Throw: Stone             |    46 |    59 ||   105
  Use: Potion            |     2 |     3 ||     5
       Scroll            |     2 |       ||     2
  Eat: Chunk             |     3 |     2 ||     5

Vault maps used:
D:1:      dpeg_arrival_round_a
D:2:      tso_metal_star
D:3:      nicolae_ru_awakened_eye, first_bread, st_stairs_6, uniq_terence
